AoeStats
← AiM | Facu1414

African Clearing

505171004Analyzed
4v4 RM · 24d ago on Sep 8, 2026· 47m 15s· 8 players
Game mode
Random Map
Map size
Large (8 player)
Population
200
Speed
Normal
Resources
Standard
Victory
Conquest
Starting age
Dark Age
Ending age
Imperial Age
RankedLock teamsTeams togetherTeam positionsShared explorationLock speedFull tech treeHidden civsTurbo modeCheats
Victory
Defeat
1642
+12
🇺🇸 Persians · United States
1620
+13
🇲🇽 Berbers · Mexico
1574
+15
🇨🇳 Magyars · China
1502
+17
🇨🇱 Persians · Chile
1592
-16
🇲🇽 Vietnamese · Mexico
1546
-14
🇦🇷 Spanish · Argentina
1535
-14
🇦🇷 Gurjaras · Argentina
1516
-13
AIM | Agua cate 98
8:36 Loom
13:50 Feudal Age
17:16 Castle Age
15:09 Town Watch
38:13 Double-Bit Axe
38:25 Horse Collar
41:12 Wheelbarrow
43:18 Caravan
AiM | EleuieseKa
11:52 Loom
14:35 Feudal Age
15:38 Double-Bit Axe
18:49 Castle Age
18:34 Scale Barding Armor
18:57 Bloodlines
22:01 Town Watch
22:47 Horse Collar
28:23 Wheelbarrow
29:46 Husbandry
30:34 Hand Cart
32:18 Chain Barding Armor
32:29 Town Watch
34:04 Forging
36:08 Heavy Plow
41:30 Imperial Age
41:32 Iron Casting
41:25 Cavalier
42:57 Plate Barding Armor
43:52 Blast Furnace
43:46 Conscription
AiM | Facu1414
10:34 Loom
12:19 Feudal Age
12:50 Feudal Age
13:30 Double-Bit Axe
16:15 Scale Barding Armor
16:55 Wheelbarrow
17:13 Forging
21:29 Bloodlines
26:37 Castle Age
25:03 Horse Collar
27:18 Gold Mining
27:49 Husbandry
28:10 Chain Barding Armor
29:50 Hand Cart
30:55 Iron Casting
33:38 Gold Shaft Mining
41:59 Imperial Age
40:55 Kshatriyas
42:05 Heavy Camel Rider
43:21 Plate Barding Armor
AiM | Fubuki Sinri
10:49 Loom
13:09 Feudal Age
14:13 Double-Bit Axe
16:56 Castle Age
15:46 Fletching
16:42 Gold Mining
17:35 Bodkin Arrow
21:31 Wheelbarrow
22:52 Horse Collar
23:55 Town Watch
27:19 Elite Skirmisher
32:24 Padded Archer Armor
32:25 Stone Mining
36:51 Leather Archer Armor
37:36 Ballistics
41:53 Imperial Age
40:10 Thumb Ring
41:36 Heavy Plow
41:46 Bow Saw
42:21 Hand Cart
42:06 Town Patrol
42:51 Bracer
43:54 Chemistry
43:43 Ring Archer Armor
43:18 Elite Rattan Archer
46:30 Two-Man Saw
46:01 Crop Rotation
45:18 Elite Fire Lancer
46:03 Scale Mail Armor
47:26 Chain Mail Armor
47:13 Squires
DS_SayGG
7:38 Loom
9:55 Feudal Age
14:33 Double-Bit Axe
19:03 Forging
22:20 Castle Age
20:50 Scale Barding Armor
23:15 Bow Saw
29:24 Wheelbarrow
29:13 Horse Collar
31:25 Town Watch
32:48 Heavy Plow
37:52 Imperial Age
35:53 Hand Cart
35:51 Bloodlines
35:42 Husbandry
36:39 Chain Barding Armor
38:28 Coinage
37:55 Gold Mining
37:55 Stone Mining
38:13 Cavalier
39:06 Heavy Camel Rider
39:41 Heavy Camel Rider
40:59 Plate Barding Armor
42:53 Iron Casting
43:13 Savar
CTM | black forest best map
9:39 Loom
14:33 Feudal Age
18:11 Castle Age
17:02 Double-Bit Axe
17:26 Fishing Lines
19:35 Fletching
23:21 Bodkin Arrow
24:11 Padded Archer Armor
26:59 Bow Saw
26:48 Horse Collar
29:45 Leather Archer Armor
29:47 Town Watch
30:59 Ballistics
33:12 Gold Mining
33:18 Stone Mining
36:30 Imperial Age
35:34 Wheelbarrow
36:53 Hand Cart
37:30 Gold Shaft Mining
37:16 Bracer
38:25 Chemistry
39:03 Ring Archer Armor
38:34 Elite Composite Bowman
39:35 Heavy Plow
40:20 Scale Mail Armor
40:30 Forging
40:36 Masonry
40:22 Murder Holes
41:03 Conscription
41:22 Hoardings
42:13 Chain Mail Armor
42:34 Iron Casting
42:21 Capped Ram
44:49 Siege Ram
46:42 Plate Mail Armor
47:12 Blast Furnace
小白
4:03 Loom
11:39 Feudal Age
12:10 Double-Bit Axe
15:19 Scale Barding Armor
17:32 Wheelbarrow
23:21 Castle Age
21:46 Fletching
21:51 Gold Mining
22:05 Horse Collar
22:58 Fletching
24:26 Bloodlines
24:35 Bodkin Arrow
25:50 Ballistics
26:11 Husbandry
28:01 Bow Saw
29:47 Heavy Plow
31:35 Gold Shaft Mining
30:51 Stone Mining
31:19 Padded Archer Armor
31:25 Thumb Ring
32:50 Hand Cart
36:22 Imperial Age
34:33 Leather Archer Armor
37:09 Bracer
38:13 Chemistry
37:21 Recurve Bow
36:57 Heavy Cavalry Archer
38:50 Ring Archer Armor
39:28 Two-Man Saw
39:32 Crop Rotation
39:35 Parthian Tactics
40:24 Chain Barding Armor
40:25 Conscription
40:15 Elite Magyar Huszar
42:11 Plate Barding Armor
41:38 Corvinian Army
42:49 Hoardings
43:55 Siege Engineers
43:31 Treadmill Crane
44:02 Masonry
VNaif
8:07 Loom
12:26 Feudal Age
16:53 Castle Age
14:53 Double-Bit Axe
16:04 Gold Mining
18:51 Wheelbarrow
18:04 Town Watch
22:07 Stone Mining
22:10 Fletching
25:26 Bodkin Arrow
29:01 Padded Archer Armor
30:21 Bow Saw
34:34 Ballistics
38:19 Imperial Age
36:37 Fortified Wall
36:25 Murder Holes
37:57 Leather Archer Armor
40:35 Bracer
41:38 Husbandry
43:16 Chemistry
44:11 Horse Collar
45:07 Gold Shaft Mining
45:10 Heavy Plow
45:04 Stone Mining
Connection lost

Rejoining the realm…

Still unreachable

The connection could not be restored.

Session expired

The server has moved on; the page needs a fresh start.